 Dungeon Crawl Stone Soup version 0.30.2 (webtiles) character file.

Game seed: 14758893487045896236

386932 Ashen the Gelid (level 23, -4/213 (235) HPs)
             Began as an Ogre Ice Elementalist on Jan 25, 2024.
             Was the Champion of Vehumet.
             Constricted to death by a tentacled monstrosity (5 damage)
             ... on level 5 of the Vaults on Jan 26, 2024.
             The game lasted 04:35:56 (74728 turns).

Ashen the Gelid (Ogre Ice Elementalist)            Turns: 74728, Time: 04:35:57

HP:   -4/213 (235)  AC:  8    Str: 18    XL:     23   Next: 1%
MP:   26/46         EV: 10    Int: 27    God:    Vehumet [******]
Gold: 2153          SH:  0    Dex:  9    Spells: 8/60 levels left

rFire   + . .        P - +7 giant spiked club (heavy)
rCold   + + .        (shield currently unavailable)
rNeg    + . .        j - +3 robe of Clouds {*Thunder rCloud rElec}
rPois   .            f - +2 hat {Int+3}
rElec   +            U - scarf {rC+ rF+}
rCorr   +            (gloves unavailable)
SInv    .            (boots unavailable)
Will    +++..        H - amulet of magic regeneration
Stlth   ++           Z - ring of wizardry
HPRegen 0.55/turn    S - ring of Xom's Amusement {rC+ rN+ Will+ rCorr Slay+2}
MPRegen 0.70/turn

%: wizardry (x1)
@: about to teleport, on vortex cooldown, constricted, drained
A: large, unfitting armour, tough skin 1
}: 2/15 runes: barnacled, gossamer
a: Renounce Religion


You were on level 5 of the Vaults.
You worshipped Vehumet.
Vehumet was exalted by your worship.
You visited 8 branches of the dungeon, and saw 39 of its levels.
You also visited: Ice Cave and Desolation.

You collected 4642 gold pieces.
You spent 2489 gold pieces at shops.

Inventory:

Hand Weapons
 P - a +7 heavy giant spiked club (weapon)
Armour
 f - a +2 hat of intelligence (worn)
 j - the +3 robe of Clouds (worn) {*Thunder rCloud rElec}
   (You acquired it on level 1 of the Orcish Mines)

   *Thunder:  It occasionally creates storm clouds above nearby enemies.
   rCloud:    It grants its wearer immunity to clouds.
   rElec:     It insulates you from electricity.
 p - a +4 troll leather armour
 t - a +2 robe of willpower
 M - a +2 cloak of preservation
 U - a scarf of resistance (worn)
Magical Staves
 F - a staff of cold
 Y - a staff of earth
Jewellery
 q - a ring of protection from fire
 v - a ring of flight
 C - a ring of ice
 G - an amulet of reflection
 H - an amulet of magic regeneration (around neck)
 J - a ring of protection from fire
 N - the ring of Locsuq {rPois SInv}
   (You found it in the Desolation of Salt)

   [ring of see invisible]

   rPois:     It protects you from poison.
   SInv:      It lets you see invisible.
 O - the ring "Unihiz" {rF+ Will+ Int+9 Dex+2 Slay-2}
   (You found it in the Desolation of Salt)

   [ring of willpower]

   Int:       It affects your intelligence (+9).
   Dex:       It affects your dexterity (+2).
   Slay:      It affects your accuracy & damage with ranged weapons and melee
   (-2).
   rF:        It protects you from fire.
   Will:      It increases your willpower.
 S - the ring of Xom's Amusement (right hand) {rC+ rN+ Will+ rCorr Slay+2}
   (You acquired it on level 1 of the Lair of Beasts)

   [ring of resist corrosion]

   Slay:      It affects your accuracy & damage with ranged weapons and melee
   (+2).
   rC:        It protects you from cold.
   rN:        It protects you from negative energy.
   rCorr:     It protects you from acid and corrosion.
   Will:      It increases your willpower.
 Z - a ring of wizardry (left hand)
Wands
 i - a wand of light (3)
 r - a wand of polymorph (34)
 x - a wand of flame (55)
 B - a wand of mindburst (18)
 L - a wand of digging (14)
 R - a wand of charming (24)
 V - a wand of iceblast (23)
Scrolls
 a - 2 scrolls of butterflies
 e - 16 scrolls of teleportation
 g - 9 scrolls of immolation
 h - a scroll of identify
 m - 3 scrolls of torment
 o - 18 scrolls of poison
 y - 4 scrolls of vulnerability
 D - 3 scrolls of fear
 E - 2 scrolls of blinking
 Q - 2 scrolls of fog
 X - 6 scrolls of magic mapping
Potions
 b - 2 potions of magic
 c - 19 potions of curing
 d - 8 potions of might
 k - 4 potions of cancellation
 l - 8 potions of haste
 n - 3 potions of flight
 s - 7 potions of lignification
 u - 4 potions of resistance
 w - 4 potions of invisibility
 z - 8 potions of mutation
 A - 6 potions of brilliance
 I - 8 potions of ambrosia
 K - 5 potions of attraction
 T - 4 potions of berserk rage
 W - 3 potions of heal wounds


   Skills:
 - Level 15.0 Fighting
 - Level 10.3 Maces & Flails
 + Level 12.2 Dodging
 - Level 3.0 Stealth
 * Level 19.3 Spellcasting
 - Level 15.0 Conjurations
 - Level 7.0 Summonings
 - Level 7.0 Translocations
 - Level 20.0 Ice Magic
 - Level 15.0 Earth Magic


You had 8 spell levels left.
You knew the following spells:

 Your Spells              Type           Power      Damage    Failure   Level
a - Lehudib's Crystal Sp  Conj/Erth      41%        10d10     2%          8
b - Frozen Ramparts       Ice            100%       1d16      0%          3
c - Ozocubu's Armour      Ice            94%        N/A       0%          3
d - Spellforged Servitor  Conj/Summ      35%        N/A       1%          7
e - Orb of Destruction    Conj           41%        9d11      1%          7
f - Blink                 Tloc           100%       N/A       1%          2
g - Conjure Ball Lightni  Conj/Air       30%        3x3d10    1%          6
h - Ozocubu's Refrigerat  Ice            47%        4d17      1%          7
i - Polar Vortex          Ice            47%        N/A       5%          9

Your spell library contained the following spells:

 Spells                   Type           Power      Damage    Failure   Level
 Ignition                 Fire           13%        3d6       99%         8
 Chain Lightning          Conj/Air       30%        3d40      99%         9
 Fire Storm               Conj/Fire      30%        8d8       99%         9
 Freeze                   Ice            100%       1d10      0%          1
 Magic Dart               Conj           100%       1d8       0%          1
 Sandblast                Erth           100%       2d20      0%          1
 Searing Ray              Conj           100%       2d8       0%          2
 Stone Arrow              Conj/Erth      100%       3d13      0%          3
 Beastly Appendage        Tmut           52%        N/A       1%          1
 Foxfire                  Conj/Fire      100%       2x1d9     1%          1
 Kiss of Death            Conj/Necr      100%       2d13      1%          1
 Shock                    Conj/Air       100%       1d9       1%          1
 Summon Small Mammal      Summ           100%       N/A       1%          1
 Call Imp                 Summ           100%       N/A       1%          2
 Cigotuvi's Dreadful Rot  Necr/Pois/Air  52%        N/A       1%          2
 Ensorcelled Hibernation  Hex/Ice        100%       N/A       1%          2
 Lesser Beckoning         Tloc           100%       N/A       1%          2
 Momentum Strike          Conj/Tloc      100%       3d10      1%          2
 Passwall                 Tmut/Erth      50%        N/A       1%          2
 Poisonous Vapours        Pois/Air       52%        N/A       1%          2
 Scorch                   Fire           52%        2d7       1%          2
 Static Discharge         Conj/Air       100%       2-7/arc   1%          2
 Sublimation of Blood     Necr           26%        N/A       1%          2
 Call Canine Familiar     Summ           59%        N/A       1%          3
 Confusing Touch          Hex            26%        N/A       1%          3
 Dazzling Flash           Conj/Hex       100%       N/A       1%          3
 Ignite Poison            Fire/Tmut/Pois 26%        N/A       1%          3
 Inner Flame              Hex/Fire       26%        N/A       1%          3
 Mephitic Cloud           Conj/Pois/Air  52%        N/A       1%          3
 Portal Projectile        Hex/Tloc       90%        N/A       1%          3
 Spider Form              Tmut/Pois      26%        N/A       1%          3
 Summon Guardian Golem    Hex/Summ       45%        N/A       1%          3
 Swiftness                Air            26%        N/A       1%          3
 Vampiric Draining        Necr           26%        2d7       1%          3
 Vhi's Electric Charge    Tloc/Air       90%        N/A       1%          3
 Airstrike                Air            13%        2d(2-18)  1%          4
 Animate Armour           Summ/Erth      100%       N/A       1%          4
 Flame Wave               Conj/Fire      61%        2d14      1%          4
 Fulminant Prism          Conj/Hex       30%        3d15      1%          4
 Iskenderun's Mystic Bla  Conj/Tloc      71%        2d14      1%          4
 Leda's Liquefaction      Hex/Erth       30%        N/A       1%          4
 Manifold Assault         Tloc           59%        N/A       1%          4
 Petrify                  Tmut/Erth      61%        N/A       1%          4
 Sticky Flame             Conj/Fire      61%        2d8       1%          4
 Summon Ice Beast         Ice/Summ       78%        N/A       1%          4
 Summon Lightning Spire   Summ/Air       45%        N/A       1%          4
 Arcjolt                  Conj/Air       30%        1d40      1%          5
 Borgnjor's Vile Clutch   Necr/Erth      30%        N/A       1%          5
 Fireball                 Conj/Fire      30%        3d13      1%          5
 Freezing Cloud           Conj/Ice/Air   36%        6-21      1%          5
 Irradiate                Conj/Tmut      30%        3d21      1%          5
 Iskenderun's Battlesphe  Conj           82%        2d13      1%          5
 Lee's Rapid Deconstruct  Erth           41%        3d20*     1%          5
 Summon Forest            Summ/Tloc      29%        N/A       1%          5
 Iron Shot                Conj/Erth      41%        9d8       1%          6
 Summon Mana Viper        Hex/Summ       45%        N/A       4%          5
 Statue Form              Tmut/Erth      40%        N/A       4%          6
 Yara's Violent Unravell  Hex/Tmut       13%        3d7       5%          5
 Anguish                  Hex/Necr       13%        N/A       6%          4
 Animate Dead             Necr           26%        N/A       6%          4
 Dispel Undead            Necr           26%        3d13      6%          4
 Dispersal                Tloc           29%        N/A       6%          6
 Summon Cactus Giant      Summ           29%        N/A       6%          6
 Agony                    Necr           26%        N/A       17%         5
 Blade Hands              Tmut           13%        N/A       17%         5
 Silence                  Hex/Air        13%        N/A       17%         5
 Eringya's Noxious Bog    Tmut/Pois      13%        N/A       24%         6
 Plasma Beam              Fire/Air       13%        2x1d26    24%         6
 Monstrous Menagerie      Summ           29%        N/A       30%         7
 Death Channel            Necr           13%        N/A       65%         6
 Haunt                    Necr/Summ      22%        N/A       75%         7
 Disjunction              Tloc           29%        N/A       91%         8
 Enfeeble                 Hex            13%        N/A       99%         7
 Maxwell's Capacitive Co  Air            13%        ∞         99%         8
 Borgnjor's Revivificati  Necr           13%        N/A       100%        8
 Necromutation            Tmut/Necr      13%        N/A       100%        8
 Shatter                  Erth           41%        3d32*     32%         9
 Death's Door             Necr           13%        N/A       100%        9
 Dragon's Call            Summ           29%        N/A       100%        9


Dungeon Overview and Level Annotations

Branches:
Dungeon (15/15)            Temple (1/1) D:7            Lair (5/5) D:9
 Shoals (4/4) Lair:3       Spider (4/4) Lair:2        Slime (0/5) Lair:5
    Orc (2/2) D:12            Elf (3/3) Orc:2        Vaults (4/5) D:13
  Crypt (0/3) Vaults:2     Depths (0/4) D:15          IceCv (visited)
Desolation (visited)

Altars:
Ashenzari
Cheibriados
Dithmenos
Elyvilon
Fedhas
Gozag
Hepliaklqana
Kikubaaqudgha
Makhleb
Nemelex Xobeh
Okawaru
Qazlal
Ru
Sif Muna
Trog
Uskayaw
Vehumet
Wu Jian
Xom
Yredelemnul
Zin
The Shining One
Jiyva
Lugonu

Shops:
D:6 :   D:7 [   Orc:2 *!?(   Elf:1 *   Elf:2 (   Shoals:1 *[(*   Shoals:2 (
Shoals:3 [

Portals:
Abyss: Lair:5
Trove: Vaults:2 (give +6 demon blade)

Annotations:
Lair:5 1 runed translucent door
Vaults:1 3 runed translucent doors, Ashen's ghost, adept OgIE; Farlane's ghost, adept HOMo; Vorhees's ghost, adept FeCj
Vaults:5 Jory


Innate Abilities, Weirdness & Mutations

You are too large for most types of armour.
You have tough skin. (AC +1)


Message History

You hear a deafening roar!
The tengu reaver gestures at you while chanting.
The bolt of negative energy hits the tentacled monstrosity.
The tentacled monstrosity completely resists.
The bolt of negative energy hits you! You partially resist.
You feel drained.
The tengu reaver gestures at you while chanting.
The bolt of negative energy hits you!! You partially resist.
You feel drained.
* * * LOW HITPOINT WARNING * * *
The tentacled monstrosity tentacle-slaps you!
* * * LOW HITPOINT WARNING * * *
The tentacled monstrosity tentacle-slaps you.
* * * LOW HITPOINT WARNING * * *
The tentacled monstrosity closely misses you.
The tentacled monstrosity grabs you.
The tentacled monstrosity constricts you!
* * * LOW HITPOINT WARNING * * *
A stone giant comes into view.
The deep elf high priest utters a dark prayer and points at you.
Your life force is offered up.
* * * LOW HITPOINT WARNING * * *
The deep elf high priest is healed. x2; The tengu reaver is healed.
The vault warden is healed.
The tentacled monstrosity is healed.
The tengu reaver is healed.
Casting: Polar Vortex (dangerous; 5% risk of failure)
Confirm with . or Enter, or press ? or * to list all spells.
The tentacled monstrosity's grasp on you weakens, but your attempt to escape fails.
Something loses its grip on you.
The winds around you start to calm down.
You float gracefully downwards.
The tengu reaver points at you and mumbles some strange words.
The bolt of negative energy hits you!! You partially resist.
You feel drained.
* * * LOW HITPOINT WARNING * * *
Jory the Bloodstained Count comes into view.
He is wielding a +2 great sword.
The tentacled monstrosity closely misses you.
The tentacled monstrosity barely misses you.
The tentacled monstrosity tentacle-slaps you!
* * * LOW HITPOINT WARNING * * *
The tentacled monstrosity grabs you.
The tentacled monstrosity constricts you.
You die...

..###.#....#X#.
#+#XpVC##.#
p##.e..# .Q
#Q§§§# #§§§§#
#§§§§# #§§§§#
#§§§§# #§e§@#
#§§QX# #§§§§#
#§§§§# #§§§§#
#p§§§# #....#
#....#


You could see Jory (empowered), 2 tentacled monstrosities, a stone giant, a
vault warden (empowered), 2 tengu reavers, 2 deep elf high priests and an
ironbound convoker (empowered).

Vanquished Creatures
  Nikola (Elf:3)
  A golden dragon (Vaults:5)
  3 deep elf blademasters
  A quicksilver dragon (Vaults:5)
  A deep elf master archer (Elf:3)
  A kraken (Shoals:3)
  Kirke (Shoals:4)
  Donald (Spider:3)
  3 tengu reavers
  The ghost of arakdai the Impaler, a journeyman MiFi of Okawaru (Orc:2)
  Roxanne (Spider:1)
  2 frost giants (Vaults:5)
  4 deep elf sorcerers
  An emperor scorpion (Spider:3)
  8 vault wardens
  A ghost moth (Spider:3)
  A stone giant (D:15)
  A reaper (IceCv)
  7 broodmothers
  A war gargoyle (Vaults:2)
  13 ironbound preservers
  4 very ugly things
  5 ironbound thunderhulks
  3 deep elf demonologists
  8 dire elephants
  A halazid warlock (Desolation)
  A spark wasp (Spider:3)
  5 deep elf annihilators (Elf:3)
  4 merfolk javelineers
  3 ragged hierophants (Desolation)
  5 deep elf death magi
  A fire dragon (D:12)
  9 merfolk impalers
  An ettin (D:12)
  Josephine (D:15)
  6 entropy weavers
  9 yaktaur captains
  2 deep elf high priests (Elf:3)
  4 great orbs of eyes
  29 vault guards
  5 servants of whispers (Desolation)
  3 hydras
  6 ironbound frosthearts
  3 jorogumos
  2 peacekeepers (Desolation)
  2 alligator snapping turtles
  12 centaur warriors
  An ogre mage (D:12)
  4 merfolk aquamancers
  5 boulder beetles
  3 satyrs
  A catoblepas (Lair:3)
  4 merfolk avatars
  2 radroaches
  16 dancing weapons
  9 two-headed ogres
  A death knight (D:12)
  A death scarab (Spider:3)
  3 tengu warriors
  3 alligators (Shoals:2)
  3 orc high priests (Orc:2)
  2 nameless horrors
  Urug (D:12)
  Nergalle (Orc:1)
  A thrashing horror (Lair:5)
  Sonja (Lair:2)
  13 skeletal warriors
  A shadow wraith (Vaults:5)
  5 skysharks
  15 deep elf knights
  4 pharaoh ants
  28 deep trolls
  A sun moth (Spider:3)
  A glowing orange brain (Vaults:2)
  16 sea snakes
  9 deep elf archers
  18 ironbound convokers
  20 orb spiders
  6 steelbarb worms
  An obsidian statue (Vaults:1)
  29 deep elf pyromancers
  10 wizards
  15 lindwurms
  10 orc knights
  17 harpies
  A steelbarb worm (shapeshifter) (Elf:2)
  A necromancer (Vaults:4)
  4 orc sorcerers
  16 deep elf zephyrmancers
  19 wolf spiders
  6 cyclopes
  8 fauns
  26 ugly things
  3 moths of wrath
  A shining eye (shapeshifter) (Elf:3)
  8 merfolk sirens
  14 manticores
  7 demonic crawlers
  7 water nymphs
  12 vault sentinels
  4 black mambas
  2 ice statues (IceCv)
  A molten gargoyle (Desolation)
  8 torpor snails
  10 cane toads
  2 gargoyles
  14 elephants (Lair:5)
  3 kobold demonologists
  35 yaktaurs
  11 komodo dragons
  3 unseen horrors
  4 rime drakes
  A tengu conjurer (D:11)
  An anaconda simulacrum (IceCv)
  2 ancient zymes (Lair:5)
  An efreet (D:13)
  7 ice devils (IceCv)
  2 freezing wraiths
  A meliai (shapeshifter) (Elf:1)
  2 large abominations (Lair:5)
  A queen bee (Spider:1)
  16 meliai
  43 merfolk
  A queen bee (shapeshifter) (D:15)
  Grinder (D:5)
  22 saltlings (Desolation)
  A hornet (D:8)
  3 polar bears
  8 trolls
  26 tarantellas
  2 wind drakes
  19 snapping turtles
  5 dream sheep (Lair:4)
  A raiju (shapeshifter) (Elf:1)
  9 blink frogs (Lair:5)
  23 slime creatures
  A centaur simulacrum (D:12)
  An air elemental (Elf:2)
  31 jumping spiders
  2 shadows
  2 culicivoras (shapeshifter)
  10 wraiths
  14 culicivoras
  4 ynoxinuls (Lair:5)
  A dire elephant simulacrum (IceCv)
  13 water elementals
  33 yaks
  2 chaos spawn (Lair:5)
  A fire elemental (Elf:3)
  6 wyverns
  5 basilisks
  4 hogs (Shoals:4)
  A yak (shapeshifter) (Elf:1)
  A death yak simulacrum (IceCv)
  A hog (shapeshifter) (D:15)
  50 redbacks
  A steam dragon (D:6)
  8 vampire mosquitoes
  Menkaure (D:7)
  7 wargs
  2 harpy simulacra (IceCv)
  Duvessa (D:4)
  Edmund (D:5)
  13 water moccasins
  2 ice beasts
  18 orc warriors
  2 black bears
  A boggart (Vaults:3)
  3 wolves (Lair:2)
  5 ogres
  6 centaurs
  3 phantoms
  2 kobold brigands
  11 small abominations (Lair:5)
  An earth elemental (Elf:2)
  13 bullfrogs
  3 two-headed ogre simulacra (IceCv)
  2 scorpions (D:7)
  2 gnoll sergeants
  5 wights
  Dowan (D:4)
  24 killer bees
  4 howler monkeys
  5 electric eels (D:14)
  5 hounds
  Crazy Yiuf (D:7)
  13 orc priests
  3 gnoll boudas
  A sleepcap (D:6)
  8 iguanas
  18 orc wizards
  5 polar bear simulacra (IceCv)
  A troll simulacrum (IceCv)
  6 hell rats (Lair:1)
  A spriggan simulacrum (IceCv)
  19 gnolls
  6 adders
  4 naga simulacra (IceCv)
  A shadow imp (D:7)
  16 white imps
  An ufetubus (IceCv)
  A worm (D:3)
  2 dart slugs
  56 orcs
  7 ball pythons
  10 endoplasms
  6 giant cockroaches
  5 hobgoblins
  8 jackals (D:4)
  15 kobolds
  2 quokkas
  3 bats (D:2)
  3 frilled lizards
  11 goblins
  5 rats
  2 tentacles (Shoals:3)
1472 creatures vanquished.

Vanquished Creatures (collateral kills)
  A tengu reaver (Vaults:5)
  An emperor scorpion (Spider:4)
  4 imperial myrmidons (Desolation)
  A vault warden (Vaults:4)
  A deep elf sorcerer (Elf:3)
  2 deep elf elementalists (Elf:3)
  3 ironbound preservers
  A very ugly thing (Vaults:4)
  2 broodmothers (Spider:4)
  3 ironbound thunderhulks
  3 deep elf annihilators (Elf:3)
  4 dire elephants
  A halazid warlock (Desolation)
  A spark wasp (Spider:4)
  A deep elf death mage (Elf:3)
  A deep elf high priest (Elf:3)
  2 ragged hierophants (Desolation)
  A great orb of eyes (Vaults:1)
  2 vault guards (Vaults:4)
  4 peacekeepers
  3 ironbound frosthearts
  The ghost of diceflayer the Fighter, a novice DsHu of Okawaru (D:10)
  A jorogumo (Spider:3)
  15 dancing weapons
  2 thrashing horrors (Lair:5)
  6 deep elf knights
  A skeletal warrior (D:12)
  A pharaoh ant (Spider:4)
  11 deep trolls
  A steelbarb worm (Spider:4)
  7 deep elf pyromancers
  An ironbound convoker (Vaults:1)
  A wizard (Vaults:4)
  3 wolf spiders
  9 deep elf zephyrmancers
  4 ugly things (Vaults:2)
  A manticore (Shoals:2)
  A moth of wrath (Spider:4)
  A guardian serpent (Desolation)
  4 vault sentinels
  A yaktaur (Vaults:2)
  A merfolk (Shoals:4)
  3 tarantellas (Spider:2)
  15 saltlings (Desolation)
  An air elemental (Elf:3)
  A shadow (D:10)
  2 slime creatures
  5 redbacks
  An orc warrior (Vaults:5)
143 creatures vanquished.

Vanquished Creatures (others)
  An orc priest (Orc:2)
  An orc wizard (Orc:1)
  A white imp (IceCv)
  15 ball lightnings (Vaults:2)
  2 tentacles (Shoals:3)
20 creatures vanquished.

Grand Total: 1635 creatures vanquished

Notes
Turn   | Place    | Note
-------+----------+-------------------------------------------
     0 | D:1      | Ashen the Ogre Ice Elementalist began the quest for the
                  | Orb.
     0 | D:1      | Reached XP level 1. HP: 16/16 MP: 3/3
   159 | D:1      | Reached XP level 2. HP: 22/26 MP: 1/5
  1044 | D:2      | Found an ornate altar of the Wu Jian Council.
  1162 | D:2      | Reached skill level 1 in Fighting
  1303 | D:2      | Reached XP level 3. HP: 22/33 MP: 4/7
  1985 | D:3      | Learned a level 3 spell: Frozen Ramparts
  1989 | D:3      | Learned a level 3 spell: Ozocubu's Armour
  2132 | D:3      | Found a glowing silver altar of Zin.
  2265 | D:3      | Reached skill level 1 in Conjurations
  2505 | D:3      | Reached XP level 4. HP: 41/41 MP: 6/8
  2930 | D:4      | Reached skill level 1 in Maces & Flails
  2930 | D:4      | Reached skill level 4 in Ice Magic
  3075 | D:4      | Found a stormy altar of Qazlal.
  3082 | D:4      | Reached XP level 5. HP: 47/48 MP: 5/9
  3313 | D:4      | Found a sacrificial altar of Ru.
  3314 | D:4      | Noticed Dowan
  3345 | D:4      | Reached XP level 6. HP: 10/57 MP: 0/11
  3511 | D:4      | Noticed Duvessa
  3594 | D:4      | Killed Duvessa
  3596 | D:4      | Killed Dowan
  3597 | D:4      | Reached XP level 7. HP: 55/66 MP: 4/13
  4280 | D:5      | Entered Level 5 of the Dungeon
  4394 | D:5      | Noticed Grinder
  4463 | D:5      | Killed Grinder
  4464 | D:5      | Reached skill level 5 in Ice Magic
  4464 | D:5      | Reached XP level 8. HP: 74/75 MP: 13/15
  4535 | D:5      | Learned a level 4 spell: Summon Ice Beast
  4608 | D:5      | Reached skill level 5 in Spellcasting
  4640 | D:5      | Noticed Edmund
  4721 | D:5      | Killed Edmund
  4956 | D:5      | Found a bloodstained altar of Trog.
  5856 | D:6      | Reached XP level 9. HP: 19/84 MP: 7/17
  6121 | D:6      | Found Mughyge's Book Shop.
  6133 | D:6      | Identified the +1 pair of gloves of the Flute {Drain Fly
                  | Dex+4}
  6182 | D:6      | Identified the +3 great sword "Xiohuhiff" {venom, rPois
                  | Int+4}
  6261 | D:6      | Found an ancient bone altar of Kikubaaqudgha.
  6432 | D:6      | Reached skill level 6 in Ice Magic
  6435 | D:6      | Found a blossoming altar of Fedhas.
  6866 | D:7      | Found a staircase to the Ecumenical Temple.
  6882 | Temple   | Entered the Ecumenical Temple
  6958 | Temple   | Became a worshipper of Vehumet
  7030 | D:7      | Found Acvuq's Armour Emporium.
  7045 | D:7      | Found a stormy altar of Qazlal.
  7164 | D:7      | Noticed Menkaure
  7170 | D:7      | Killed Menkaure
  7171 | D:7      | Reached skill level 5 in Conjurations
  7289 | D:7      | Reached skill level 5 in Fighting
  7815 | D:7      | Found a runed translucent door.
  7816 | D:7      | Noticed Crazy Yiuf
  7822 | D:7      | Killed Crazy Yiuf
  7993 | D:8      | Reached * piety under Vehumet
  7993 | D:8      | Offered knowledge of Magic Dart by Vehumet.
  8116 | D:8      | Reached XP level 10. HP: 96/96 MP: 14/21
  8186 | D:8      | Reached skill level 7 in Ice Magic
  8270 | D:8      | Identified the amulet of the Albatross {Contam Harm Regen+
                  | Dex+5 SInv}
  9022 | D:8      | Identified the +0 robe "Urghejoar" {Str+2}
  9108 | D:9      | Noticed a two-headed ogre
  9172 | D:9      | Killed a two-headed ogre
  9725 | D:9      | Found a glowing golden altar of the Shining One.
  9916 | D:9      | Found a staircase to the Lair.
  9955 | D:9      | Found an iron altar of Okawaru.
  9958 | D:9      | Found a sparkling altar of Nemelex Xobeh.
 10056 | D:10     | Entered Level 10 of the Dungeon
 10115 | D:10     | Found a runed translucent gate.
 10116 | D:10     | Found a runed translucent gate.
 10117 | D:10     | Found a runed translucent gate.
 10280 | D:10     | Identified a scroll of acquirement
 10281 | D:10     | Acquired a +0 hat of intelligence
 10356 | D:10     | Found a basalt altar of Yredelemnul.
 10363 | D:10     | Reached ** piety under Vehumet
 10365 | D:10     | Reached skill level 5 in Dodging
 10377 | D:10     | Learned a level 7 spell: Orb of Destruction
 10454 | D:10     | Offered knowledge of Searing Ray by Vehumet.
 10456 | D:10     | Reached skill level 8 in Ice Magic
 10456 | D:10     | Reached XP level 11. HP: 70/107 MP: 17/23
 10770 | D:10     | Noticed diceflayer's ghost (novice DsHu)
 10855 | D:11     | Noticed a two-headed ogre
 10867 | D:11     | Killed a two-headed ogre
 11008 | D:11     | Noticed a two-headed ogre
 11022 | D:11     | Killed a two-headed ogre
 11023 | D:11     | Reached skill level 5 in Maces & Flails
 11149 | D:11     | Noticed a manticore
 11157 | D:11     | Noticed a sun demon
 11284 | D:11     | Noticed a centaur warrior
 11285 | D:11     | Noticed a tengu warrior
 11405 | D:11     | Noticed a two-headed ogre
 11417 | D:11     | Killed a two-headed ogre
 11758 | D:11     | Learned a level 2 spell: Blink
 11771 | D:11     | Killed a manticore
 11934 | D:11     | Noticed a two-headed ogre
 11942 | D:11     | Killed a two-headed ogre
 12387 | D:11     | Killed a tengu warrior
 12388 | D:11     | Reached skill level 10 in Spellcasting
 12388 | D:11     | Reached skill level 9 in Ice Magic
 12627 | D:11     | Killed a centaur warrior
 12628 | D:11     | Reached XP level 12. HP: 39/119 MP: 13/26
 12904 | D:11     | Noticed a two-headed ogre
 12916 | D:11     | Killed a two-headed ogre
 13134 | Lair:1   | Entered Level 1 of the Lair of Beasts
 13149 | Lair:1   | Offered knowledge of Poisonous Vapours by Vehumet.
 13256 | Lair:1   | Learned a level 2 spell: Poisonous Vapours
 13314 | Lair:1   | Noticed a boulder beetle
 13323 | Lair:1   | Killed a boulder beetle
 13368 | Lair:1   | Acquired the ring of Xom's Amusement {rC+ rN+ Will+ rCorr
                  | Slay+2}
 14108 | Lair:2   | Noticed a four-headed hydra
 14118 | Lair:2   | Killed a four-headed hydra
 14134 | Lair:2   | Reached *** piety under Vehumet
 14557 | Lair:2   | Found a hole to the Spider Nest.
 14819 | Lair:2   | Noticed Sonja
 14847 | Lair:2   | Killed Sonja
 16188 | Lair:3   | Found a staircase to the Shoals.
 16204 | Lair:3   | Reached skill level 10 in Ice Magic
 16522 | Lair:3   | Offered knowledge of Fulminant Prism by Vehumet.
 16529 | Lair:3   | Reached XP level 13. HP: 88/131 MP: 28/28
 18425 | Lair:4   | Learned a level 7 spell: Ozocubu's Refrigeration
 18619 | Lair:5   | Entered Level 5 of the Lair of Beasts
 18858 | Lair:5   | Reached **** piety under Vehumet
 18860 | Lair:5   | Reached skill level 10 in Fighting
 18860 | Lair:5   | Reached skill level 10 in Conjurations
 18865 | Lair:5   | Offered knowledge of Stone Arrow by Vehumet.
 18876 | Lair:5   | Reached skill level 11 in Ice Magic
 19332 | Lair:5   | Reached XP level 14. HP: 132/144 MP: 7/30
 20217 | Lair:5   | Found a runed translucent door.
 20218 | Lair:5   | Found a viscous altar of Jiyva.
 20218 | Lair:5   | Noticed an acid blob
 20783 | Lair:5   | Reached ***** piety under Vehumet
 20785 | Lair:5   | Found a corrupted altar of Lugonu.
 20785 | Lair:5   | Found a one-way gate to the infinite horrors of the Abyss.
 20785 | Lair:5   | Noticed a broodmother
 21089 | Lair:5   | Found a staircase to the Slime Pits.
 21362 | Lair:5   | Offered knowledge of Plasma Beam by Vehumet.
 22088 | D:12     | Found a staircase to the Orcish Mines.
 22091 | D:12     | Noticed Urug
 22096 | D:12     | Killed Urug
 22106 | D:12     | Found a frozen archway.
 22185 | IceCv    | Entered an ice cave
 23796 | IceCv    | Noticed a reaper
 23802 | IceCv    | Killed a reaper
 24323 | D:12     | Got the Information on Points and Cryomancy
 24532 | D:12     | Found a runed translucent door.
 24580 | D:12     | Offered knowledge of Lee's Rapid Deconstruction by Vehumet.
 24811 | D:12     | Identified the ring "Yshribb" {rC- EV+5 Str+7 Stlth+}
 26517 | D:12     | Identified the +4 longbow of Unpleasantness {heavy, rC+
                  | Str+3}
 26681 | D:12     | Identified the +1 leather armour "Mufuw" {+Inv Dex+5}
 26909 | D:12     | Found a runed translucent door.
 26910 | D:12     | Found a runed translucent door.
 27175 | Orc:1    | Entered Level 1 of the Orcish Mines
 27175 | Orc:1    | Found an iron altar of Okawaru.
 27327 | Orc:2    | Entered Level 2 of the Orcish Mines
 27347 | Orc:2    | Found a staircase to the Elven Halls.
 27371 | Orc:2    | Found a runed translucent door.
 27372 | Orc:2    | Found a shimmering altar of Xom.
 27372 | Orc:2    | Noticed arakdai's ghost (journeyman MiFi)
 27392 | Orc:2    | Reached skill level 12 in Ice Magic
 27526 | Orc:1    | Found Urghair's Magic Scroll Boutique.
 27529 | Orc:1    | Bought a scroll of acquirement for 832 gold pieces
 27529 | Orc:1    | Acquired the +3 robe of Clouds {*Thunder rCloud rElec}
 27529 | Orc:1    | Found the +3 robe of Clouds {*Thunder rCloud rElec}
 27540 | Orc:1    | Bought a scroll of blinking for 120 gold pieces
 27540 | Orc:1    | Bought a scroll of enchant weapon for 120 gold pieces
 27540 | Orc:1    | Bought a scroll of poison for 64 gold pieces
 27540 | Orc:1    | Bought a scroll of fear for 64 gold pieces
 27540 | Orc:1    | Bought a scroll of teleportation for 48 gold pieces
 27540 | Orc:1    | Bought a scroll of poison for 64 gold pieces
 27540 | Orc:1    | Bought a scroll of poison for 64 gold pieces
 28129 | Orc:2    | Reached XP level 15. HP: 154/154 MP: 21/32
 28441 | Orc:2    | Offered knowledge of Eringya's Noxious Bog by Vehumet.
 28590 | Orc:2    | Found Pieskiu's Weapon Boutique.
 28590 | Orc:2    | Found Riggoozu's Assorted Antiques.
 28593 | Orc:2    | Found Diblaniq's Magic Scroll Boutique.
 28593 | Orc:2    | Found Esamnot's Distillery.
 28602 | Orc:2    | Bought a scroll of torment for 133 gold pieces
 28602 | Orc:2    | Bought a scroll of teleportation for 42 gold pieces
 28602 | Orc:2    | Bought a scroll of teleportation for 42 gold pieces
 28602 | Orc:2    | Bought a scroll of identify for 28 gold pieces
 28603 | Orc:2    | Bought a potion of haste for 180 gold pieces
 28787 | Orc:1    | Noticed Nergalle
 28793 | Orc:1    | Killed Nergalle
 29153 | Orc:2    | Bought a scroll of enchant armour for 202 gold pieces
 30843 | D:13     | Found a gate to the Vaults.
 31605 | D:14     | Offered knowledge of Yara's Violent Unravelling by Vehumet.
 32780 | D:15     | Entered Level 15 of the Dungeon
 33378 | D:15     | Found a staircase to the Depths.
 33673 | D:15     | Reached XP level 16. HP: 166/166 MP: 6/34
 33837 | D:15     | Reached skill level 13 in Ice Magic
 34394 | D:15     | Noticed Josephine
 34400 | D:15     | Killed Josephine
 35857 | Shoals:1 | Entered Level 1 of the Shoals
 35923 | Shoals:1 | Offered knowledge of Spellforged Servitor by Vehumet.
 35986 | Shoals:1 | Reached skill level 15 in Spellcasting
 36724 | Shoals:1 | Learned a level 7 spell: Spellforged Servitor
 37370 | Shoals:1 | Found Kefotiuh's Merfolk Weapons.
 37370 | Shoals:1 | Found Kefotiuh's Visitors' Centre.
 37546 | Shoals:1 | Found Kefotiuh's Merfolk Magic.
 37546 | Shoals:1 | Found Kefotiuh's Merfolk Armours.
 37554 | Shoals:1 | Bought a ring of see invisible for 150 gold pieces
 38224 | Shoals:2 | Found Yduem's Weapon Boutique.
 38611 | Shoals:2 | Reached skill level 1 in Summonings
 38611 | Shoals:2 | Reached skill level 1 in Earth Magic
 39762 | Shoals:2 | Offered knowledge of Freezing Cloud by Vehumet.
 39769 | Shoals:2 | Learned a level 5 spell: Freezing Cloud
 40393 | Shoals:3 | Reached XP level 17. HP: 105/176 MP: 23/36
 40430 | Shoals:3 | Found Qyol's Antique Armour Boutique.
 40993 | Shoals:4 | Entered Level 4 of the Shoals
 41542 | Shoals:3 | Noticed a kraken
 41548 | Shoals:3 | Killed a kraken
 43521 | Shoals:4 | Reached skill level 14 in Ice Magic
 43655 | Shoals:4 | Offered knowledge of Ignition by Vehumet.
 44805 | Shoals:4 | Got a barnacled rune of Zot
 45030 | Shoals:4 | Noticed Kirke
 45209 | Shoals:4 | Killed Kirke
 45678 | Spider:1 | Entered Level 1 of the Spider Nest
 45682 | Spider:1 | Reached skill level 10 in Dodging
 45972 | Spider:1 | Reached XP level 18. HP: 188/188 MP: 11/38
 46778 | Spider:1 | Reached skill level 10 in Maces & Flails
 47030 | Spider:1 | Identified Roxanne's Anthology of Scree
 47030 | Spider:1 | Noticed Roxanne
 47041 | Spider:1 | Killed Roxanne
 47042 | Spider:1 | Reached skill level 5 in Summonings
 47203 | Spider:1 | Reached skill level 5 in Earth Magic
 47611 | Spider:2 | Reached ****** piety under Vehumet
 47613 | Spider:2 | Offered knowledge of Fire Storm by Vehumet.
 47613 | Spider:2 | Offered knowledge of Chain Lightning by Vehumet.
 47613 | Spider:2 | Offered knowledge of Ignition by Vehumet.
 49425 | Spider:3 | Noticed Donald
 49434 | Spider:3 | Killed Donald
 49921 | Spider:3 | Reached skill level 1 in Translocations
 50882 | Spider:4 | Entered Level 4 of the Spider Nest
 50970 | Spider:4 | Reached skill level 15 in Ice Magic
 52951 | Spider:4 | Reached XP level 19. HP: 187/197 MP: 33/40
 53756 | Spider:4 | Reached skill level 5 in Translocations
 54682 | Spider:4 | Identified the +0 robe of Dust Devil {-Tele rElec Str+4}
 55066 | Spider:4 | Got a gossamer rune of Zot
 55386 | Elf:1    | Entered Level 1 of the Elven Halls
 55423 | Elf:1    | Reached skill level 15 in Conjurations
 55598 | Elf:1    | Found Puqyroem's Practical Paraphernalia.
 55605 | Elf:1    | Identified the +6 morningstar "Mupusige" {freeze, MP+9
                  | Int+4 Dex+2}
 55638 | Elf:1    | Identified the +0 spear of Amorality {spect, Str+3 Stlth+}
 57214 | Elf:2    | Found Domioman's Weapon Boutique.
 57451 | Elf:3    | Entered Level 3 of the Elven Halls
 57620 | Elf:2    | Paralysed by an air elemental for 1 turns
 57623 | Elf:2    | Paralysed by an air elemental for 1 turns
 57750 | Elf:2    | Found a runed translucent gate.
 57751 | Elf:2    | Found a runed translucent gate.
 57751 | Elf:2    | Found a runed translucent gate.
 58288 | Elf:2    | Reached XP level 20. HP: 206/206 MP: 34/41
 58297 | Elf:2    | Reached skill level 10 in Earth Magic
 58308 | Elf:2    | Learned a level 8 spell: Lehudib's Crystal Spear
 59129 | Elf:3    | Found a radiant altar of Vehumet.
 59426 | Elf:3    | Identified the +6 whip "Hoec" {freeze, rPois rN+ Str+2}
 59435 | Elf:3    | Paralysed by an air elemental for 1 turns
 60189 | Elf:3    | Identified the +0 pair of gloves "Ziz Xazo" {Harm}
 60189 | Elf:3    | Noticed Nikola
 60205 | Elf:3    | Killed Nikola
 60483 | Elf:3    | Identified the +5 halberd "Zankicw" {freeze, Drain rN+
                  | Will+ SInv}
 60483 | Elf:3    | Identified the +2 leather armour "Fajodix" {rElec rF+
                  | Str+3}
 60483 | Elf:3    | Identified the amulet "Pebbui" {RegenMP *Corrode rN+ Int+5}
 61361 | Elf:3    | Identified the +11 great sword "Peuh" {drain, Will+ Dex-5
                  | Stlth+}
 61454 | Elf:3    | Got Wieciymp's Codex of Volcanic Formation
 61467 | Elf:3    | Got Fudyclul's Book of Reformation
 61470 | Elf:3    | Got the Book of Amathomancy and Bones
 61471 | Elf:3    | Identified the +1 scale mail "Kotuf" {Int+3}
 61698 | Vaults:1 | Entered Level 1 of the Vaults
 62637 | D:10     | Killed diceflayer's ghost
 64562 | Vaults:1 | Reached XP level 21. HP: 214/214 MP: 36/42
 64961 | Vaults:1 | Found a runed translucent gate.
 64961 | Vaults:1 | Found a runed translucent gate.
 64962 | Vaults:1 | Found a runed translucent gate.
 64962 | Vaults:1 | Noticed Farlane's ghost (adept HOMo)
 64962 | Vaults:1 | Noticed Vorhees's ghost (adept FeCj)
 64962 | Vaults:1 | Noticed Ashen's ghost (adept OgIE)
 65074 | Vaults:1 | Learned a level 6 spell: Conjure Ball Lightning
 65586 | Orc:2    | Bought a scroll of amnesia for 56 gold pieces
 65586 | Orc:2    | Bought a scroll of immolation for 56 gold pieces
 65586 | Orc:2    | Bought a scroll of poison for 56 gold pieces
 65586 | Orc:2    | Bought 3 scrolls of poison for 168 gold pieces
 65643 | Orc:2    | Killed arakdai's ghost
 65839 | Orc:2    | Learned a level 9 spell: Polar Vortex
 65949 | Vaults:2 | Reached skill level 15 in Earth Magic
 66586 | Vaults:2 | Got Urhogext's Codex of Snow-white Rot
 66625 | Vaults:2 | Found a portal to a secret trove of treasure.
 66668 | Vaults:2 | Reached skill level 16 in Ice Magic
 67175 | Vaults:2 | Reached skill level 17 in Ice Magic
 67299 | Vaults:2 | Found the +8 storm bow {elec, penet}
 67743 | Vaults:2 | Identified the staff of fire "Laikk" {+Blink Fly rF+ Str+3
                  | Int-2}
 68181 | Vaults:2 | Found a staircase to the Crypt.
 68181 | Vaults:2 | Found a basalt altar of Yredelemnul.
 68182 | Vaults:2 | Found an ancient bone altar of Kikubaaqudgha.
 68199 | Vaults:2 | Reached skill level 18 in Ice Magic
 68293 | Vaults:3 | Identified the +8 rapier "Fokkier" {freeze, Fragile rElec
                  | rF+ Dex+5}
 68738 | Vaults:3 | You fall into a shaft and drop 1 floor!
 69111 | Vaults:4 | Found a crumbling gateway.
 69120 | Desolati | Entered the Desolation of Salt
 69174 | Desolati | Reached skill level 19 in Ice Magic
 69700 | Desolati | Identified the amulet of Ru's Brutal Revenge {Acrobat *Slow
                  | Dex+7 SInv}
 69707 | Desolati | Got Muebuo's Precepts of Pyromancy
 69710 | Desolati | Got Asmodeus's Encyclopedia of Creation
 69911 | Desolati | Identified the ring of Locsuq {rPois SInv}
 70166 | Desolati | Identified the +2 flail of Discomfort {freeze, *Noise rElec
                  | rC+}
 70167 | Desolati | Identified the staff of fire "Ben Zeec" {*Slow rPois rF+
                  | rN++ Dex+4}
 70283 | Desolati | Reached XP level 22. HP: 210/223 MP: 18/43
 70304 | Desolati | Identified the ring "Unihiz" {rF+ Will+ Int+9 Dex+2 Slay-2}
 70885 | Vaults:3 | Reached skill level 20 in Ice Magic
 72940 | Vaults:4 | Reached skill level 15 in Fighting
 74006 | Vaults:5 | Entered Level 5 of the Vaults
 74010 | Vaults:5 | Noticed a golden dragon
 74304 | Vaults:5 | Killed a golden dragon
 74719 | Vaults:5 | Reached XP level 23. HP: 34/235 MP: 35/46
 74719 | Vaults:5 | HP: 10/235 [entropy weaver (11)]
 74719 | Vaults:5 | HP: 2/235 [deep elf high priest/divine providence (8)]
 74728 | Vaults:5 | HP: 10/213 [tengu reaver/bolt of negative energy (19)]
 74728 | Vaults:5 | Noticed Jory
 74728 | Vaults:5 | HP: 1/213 [tentacled monstrosity (9)]
 74728 | Vaults:5 | Constricted to death by a tentacled monstrosity

Illustrated notes

Levels and vault maps discovered:
D:1:      matt_arrival_los_fun, layout_rooms, minmay_parallelograms
D:2:      layout_loops_ring, basic_altar, item_on_display_a
D:3:      layout_loops_ring, zin_scriptorium, minmay_misc_feat_enclosed,
          roderic_roman_lattice
D:4:      layout_basic, nicolae_ru_sacrificial_ziggurat, kennysheep_diamond,
          uniq_duvessa
D:5:      layout_cave_pools, mainiacjoe_overflow_paths, uniq_grinder,
          uniq_edmund
D:6:      layout_rooms, lemuel_tele_altar, mainiacjoe_overflow_surrounded_room,
          serial_shops, shop
D:7:      layout_basic, grunt_qazlal_sundering, minmay_temple_entry_waves,
          enter_bailey_3, serial_shops,
          nicolae_shop_temple_entry_statues_fountains, minmay_misc_feat_five,
          minmay_misc_feat_rugged, nrook_uturn, st_stairs_7,
          uniq_crazy_yiuf_cottage, uniq_menkaure
D:8:      layout_rooms, grunt_ministairs_10
D:9:      nicolae_cairo_tiling, layout_irregular_city,
          mainiacjoe_overflow_catwalk, minitemple
D:10:     layout_rooms, nicolae_overflow_crystal_walls, serial_glass,
          glass_columns_a, glass_columns_a, due_unseen_surprise,
          feat_on_display, gammafunk_ghost_spectres
D:11:     minmay_curly_fans, layout_cave_pods, st_stairs_11
D:12:     minmay_the_grid_triangle_9x9_recursive_2
          [minmay_the_grid_triangle_9x9_prize_schism,
          minmay_the_grid_triangle_9x9_skeleton,
          minmay_the_grid_triangle_9x9_negative_grid,
          minmay_the_grid_triangle_9x9_fully_insulated_deathbox], layout_basic,
          portal_ice_cave_entry_imps, uniq_urug
D:13:     layout_long_grid, erik_vaults_1, drop_trap
D:14:     layout_basic, minivault_11
D:15:     grunt_enter_depths_snipers, layout_layer_cave,
          roderic_lattice_octagonal_star, uniq_josephine
Temple:   nicolae_temple_x_marks_the_god
Lair:1:   layout_roguey, grunt_megastairs_4
Lair:2:   layout_chaotic_city, spider_nest_entry_a, tgw_fedhas,
          infiniplex_staircase_pool_2, lemuel_fruit_fields, uniq_sonja
Lair:3:   layout_regular_city, minmay_shoals_entry_hut,
          small_statue_intersection
Lair:4:   layout_concentric_octagons
Lair:5:   hellmonk_lair_end_abyssal_woods, layout_misc_corridors, slime_entry_2,
          serial_bayou_pond_e, minivault_19
Shoals:1: nicolae_shoals_mermall, layout_shoals,
          nicolae_shoals_nymph_descending_staircase
Shoals:2: layout_shoals, serial_shops, shop, nicolae_shoals_goliath_grotto
Shoals:3: layout_shoals, serial_shops, nicolae_shop_real_fake_doors
Shoals:4: shoals_end_simple, layout_shoals, nicolae_shoals_nautilus_by_nature,
          nicolae_shoals_cliffside_cave, uniq_kirke
Spider:1: layout_spider_delve, special_room [special_room_bee], uniq_roxanne
Spider:2: layout_spider_delve, nicolae_orb_island
Spider:3: layout_chambers, nicolae_spider_twisty_arc_passages, uniq_donald
Spider:4: hellmonk_spider_rune_endless_swarm, hangedman_spider_tarantella_strand
Orc:1:    layout_caves, serial_shops, shop, okawaru_metal_pillars_1_2,
          uniq_nergalle
Orc:2:    grunt_orc_tribal_feast, layout_diamond_mine, ebering_ghost_xom,
          nicolae_orc_damp_corner
Elf:1:    minmay_elf_arrival_summoners, layout_loops_cross, evilmike_minifort,
          nicolae_elf_stone_circles, nicolae_alphabet_shops
Elf:2:    nicolae_elf_blades_crystal_corner, layout_geoelf_octagon,
          serial_shops, nicolae_shop_tiny_glass, grunt_ministairs_14
Elf:3:    minmay_elf_hall_dome, layout_geoelf_castle, basic_altar, minivault_27,
          uniq_nikola
Vaults:1: gammafunk_ghost_cemetery, nicolae_vaults_tetromino_L_1,
          nicolae_vaults_closet_pinwheel_3, nicolae_vaults_steering_wheel,
          v_misc_33, hangedman_vaults_variations, nicolae_vaults_statue_guard,
          vaults_room_semicircle, nicolae_vaults_closet_pinwheel_6, v_misc_24,
          nicolae_vaults_closet_pinwheel_3, layout_vaults_omnibox
Vaults:2: ontoclasm_vaults_idyll, vaults_mumra_chevron,
          nicolae_vaults_doubleplus_tesselated, minmay_crypt_entry_necro_gods,
          v_misc_5, grunt_vaults_swirl, nicolae_vaults_house_1, v_alt_pattern_4,
          nicolae_vaults_shipping_containers_5, nicolae_vaults_yaktaur_gun_rack,
          layout_vaults_omnigrid, enter_trove_6
Vaults:3: vaults_room_large_hall, v_rooms_3, nicolae_vaults_turnstiles,
          nicolae_vaults_cochlea, v_misc_19, hangedman_vaults_restitches,
          dpeg_vaults_monster_box, layout_vaults_big_room
Vaults:4: portal_desolation_entry_ruin, vaults_dpeg_doors, v_misc_11, v_misc_15,
          vaults_room_hallway, nicolae_vaults_wrenched,
          nicolae_vaults_tetromino_T_2, nicolae_vaults_network_star,
          hangedman_vaults_hat, nicolae_vaults_storage_closets_1, v_misc_4,
          layout_vaults_ring
Vaults:5: serial_shops, uniq_jory

Skill      XL: |  1  2  3  4  5  6  7  8  9 10 11 12 13 14 15 16 17 18 19 20 21 22 |
---------------+-------------------------------------------------------------------+-----
Dodging        | 2 3 4 5 6 7 8 9 10 12 | 12.2
Fighting       | 1 2 3 4 5 6 8 9 10 11 12 13 14 15 | 15.0
Spellcasting   | 3 4 5 7 8 10 11 12 13 14 15 16 17 19 | 19.3
Conjurations   | 1 2 3 4 5 6 8 9 10 11 12 13 14 15 | 15.0
Maces & Flails | 1 2 3 4 5 6 7 8 9 10 | 10.3
Ice Magic      | 4 5 6 8 9 10 11 12 13 14 15 19 20 | 20.0
Stealth        | 2 3 |  3.0
Summonings     | 2 4 6 7 |  7.0
Earth Magic    | 2 4 5 9 14 15 | 15.0
Translocations | 4 6 7 |  7.0

Action                     |  1- 3 |  4- 6 |  7- 9 | 10-12 | 13-15 | 16-18 | 19-21 | 22-24 || total
---------------------------+-------+-------+-------+-------+-------+-------+-------+-------++-------
  Melee: Unarmed           |    21 |       |     9 |       |       |       |       |       ||    30
         Whip              |    12 |    22 |    59 |       |       |       |       |       ||    93
         Dire flail        |       |       |     6 |   142 |   202 |       |       |       ||   350
         Great sword       |       |       |    86 |       |       |       |       |       ||    86
         Mace              |       |       |    15 |    16 |       |       |       |       ||    31
         Giant spiked club |       |       |       |       |   104 |   210 |   178 |    45 ||   537
   Cast: Freeze            |    65 |    37 |    74 |   128 |    45 |       |       |       ||   349
         Frozen Ramparts   |       |     4 |    23 |    52 |    18 |       |       |       ||    97
         Ozocubu's Armour  |       |     2 |    23 |    53 |    23 |     2 |     4 |     3 ||   110
         Summon Ice Beast  |       |       |     1 |     1 |       |       |       |       ||     2
         Ozocubu's Refrige |       |       |       |       |   125 |   307 |   197 |    55 ||   684
         Poisonous Vapours |       |       |       |       |    15 |       |       |       ||    15
         Orb of Destructio |       |       |       |       |   143 |    93 |   112 |     3 ||   351
         Blink             |       |       |       |       |     9 |     1 |    10 |     3 ||    23
         Spellforged Servi |       |       |       |       |       |    18 |    75 |     8 ||   101
         Freezing Cloud    |       |       |       |       |       |    12 |     3 |       ||    15
         Lehudib's Crystal |       |       |       |       |       |       |    59 |    31 ||    90
         Conjure Ball Ligh |       |       |       |       |       |       |     6 |       ||     6
         Polar Vortex      |       |       |       |       |       |       |     3 |    11 ||    14
  Evoke: Wand              |       |     4 |     9 |    20 |    15 |       |     1 |       ||    49
    Use: Scroll            |       |       |       |    20 |    26 |     6 |    11 |     4 ||    67
         Potion            |       |       |       |     1 |    11 |     2 |     2 |     5 ||    21
   Stab: Sleeping          |     1 |     2 |     3 |     1 |     2 |     1 |     2 |     1 ||    13
         Distracted        |       |       |       |       |       |       |     2 |       ||     2
 Armour: Robe              |    15 |    12 |    25 |       |    25 |    98 |    70 |    21 ||   266
         Skin              |       |       |    11 |       |       |       |       |       ||    11
         Steam dragon scal |       |       |    95 |   164 |   146 |       |       |       ||   405
         Troll leather arm |       |       |       |       |    10 |       |       |       ||    10
  Dodge: Dodged            |    49 |    20 |   181 |   152 |   309 |   212 |   182 |    64 ||  1169
  Block: Other             |       |       |       |    55 |   126 |    88 |     9 |       ||   278
         Reflection        |       |       |       |     1 |     7 |    11 |       |       ||    19
